 Dungeon Crawl Stone Soup version 0.30.0-10-gfe55d96785 (webtiles) character file.

Game seed: 5208532415560627781

18 browni3141 the Sneak (level 2, 0/13 HPs)
             Began as a Spriggan Enchanter on May 13, 2023.
             Frozen to death by an endoplasm (3 damage)
             ... on level 2 of the Dungeon.
             The game lasted 00:04:05 (573 turns).

browni3141 the Sneak (Spriggan Enchanter)            Turns: 573, Time: 00:04:05

Health: 0/13       AC:  2    Str:  4    XL:     2   Next: 51%
Magic:  6/6        EV: 17    Int: 16    God:
Gold:   58         SH:  0    Dex: 15    Spells: 4/6 levels left

rFire   . . .        a - +1 dagger
rCold   . . .        (no shield)
rNeg    . . .        b - +0 robe
rPois   .            (helmet restricted)
rElec   .            (no cloak)
rCorr   .            (gloves unavailable)
SInv    +            (boots unavailable)
Will    .....        (no amulet)
Stlth   +++          (no ring)
HPRegen 0.22/turn    (no ring)
MPRegen 0.10/turn

%: no passive effects
@: very quick
A: very small, no large weapons, unfitting armour, see invisible, speed 3
a: no special abilities


You were on level 2 of the Dungeon.
You visited 1 branch of the dungeon, and saw 2 of its levels.

You collected 58 gold pieces.

Inventory:

Hand Weapons
 a - a +1 dagger (weapon)
Armour
 b - a +0 robe (worn)
Scrolls
 j - 2 scrolls of amnesia {unknown}
 k - a scroll of enchant armour {unknown}
Potions
 i - 3 potions of invisibility
 l - a potion of brilliance {unknown}
 m - a potion of flight {unknown}


   Skills:
 - Level 1.4 Short Blades
 - Level 2.9 Dodging
 - Level 4.6 Stealth
 - Level 2.9 Spellcasting
 + Level 4.2 Hexes


You had 4 spell levels left.
You knew the following spells:

 Your Spells              Type           Power      Damage    Failure   Level
h - Ensorcelled Hibernat  Hex/Ice        18%        N/A       12%         2

Your spell library contained the following spells:

 Spells                   Type           Power      Damage    Failure   Level
 Confusing Touch          Hex            15%        N/A       10%         3
 Tukima's Dance           Hex            15%        N/A       10%         3
 Dazzling Flash           Conj/Hex       18%        N/A       24%         3


Dungeon Overview and Level Annotations

Branches:
Dungeon (2/15)

Altars:


Innate Abilities, Weirdness & Mutations

You are very small and have problems with some larger weapons.
You are too small for most types of armour.
You have supernaturally acute eyesight. (SInv)
You cover ground extremely quickly. (Speed+++)


Message History

You hit the goblin.
The goblin is severely wounded.
The goblin hits you with a +0 dagger.
You hit the goblin.
You kill the goblin!
You see here a +0 dagger.
You open the door.
An endoplasm comes into view.
There is an open door here.
The helpless endoplasm fails to defend itself.
You impale the endoplasm!!
You kill the endoplasm!
You close the door.
A rat comes into view.
You barely miss the rat. The rat barely misses you.
The rat completely misses you.
The endoplasm quivers.
The endoplasm jiggles.
Really walk into a travel-excluded area?
A giant cockroach comes into view.
A jackal comes into view.
A jackal comes into view.
The helpless bat fails to defend itself.
You impale the bat!!
You kill the bat!
Press: ? - help, v - describe, . - travel The floor.
Reduced exclusion size to a single square.
Removed exclusion.
You see here 13 gold pieces.
You now have 38 gold pieces (gained 13).
Found a stone staircase leading down.
You see here a +0 scale mail.
A frilled lizard comes into view.
The frilled lizard hisses angrily.
There is a stone staircase leading down here.
You climb downwards.
There is a stone staircase leading up here.
A ball python comes into view. x2
You see here a scroll labelled SASEQA GOWAHEO.
k - a scroll labelled SASEQA GOWAHEO A quokka comes into view.
The quokka moves out of view.
You now have 49 gold pieces (gained 11).
There are no items here.
An orc comes into view. It is wielding a +0 flail.
The orc shouts!
You hear a shout!
An orc comes into view. It is wielding a +0 club.
Found a gold piece.
Found a faded altar of an unknown god.
Found a stone staircase leading up and a stone staircase leading down.
There is a stone staircase leading up here.
A kobold comes into view. It is wielding a +0 whip.
An orc comes into view.
It is wielding a +0 dagger. 2 orcs come into view.
The orc shouts!
You hear a shout!
The orc shouts!
An endoplasm comes into view.
The endoplasm moves out of view.
The endoplasm freezes you.
You are frozen.
You see here 9 gold pieces.
You now have 58 gold pieces (gained 9).
Found a stone staircase leading up.
l - a murky blue potion
There are no items here.
A kobold comes into view. It is wielding a +0 short sword.
The kobold shouts!
The kobold throws a stone.
The stone closely misses you.
The kobold throws a stone.
The stone barely misses you.
A dart slug comes into view.
A bat comes into view.
j - 2 scrolls labelled FANGYERIKE (gained 1)
There are no items here.
You enter the shallow water.
Moving in this stuff is going to be slow.
The dart slug launches a dart at you. The slug dart misses you.
The slug dart hits the plant.
The plant begins to die.
You see here a coppery potion.
m - a coppery potion You enter the shallow water.
Moving in this stuff is going to be slow.
The kobold shouts!
The dart slug launches a dart at you. The slug dart hits you.
A nearby plant withers and dies.
The bat hits you but does no damage.
You enter the shallow water.
Moving in this stuff is going to be slow.
The dart slug launches a dart at you. The slug dart hits you.
* * * LOW HITPOINT WARNING * * *
The bat attacks as you move away! The bat closely misses you.
The bat barely misses you. The bat misses you. The bat completely misses you.
The kobold hits you with a +0 short sword.
* * * LOW HITPOINT WARNING * * *
The endoplasm freezes you.
You are frozen.
You die...

#.# ## .#..PP## ..#
#..##.....#
..#########.##♣..P.P♣##
.K...............~....#
...#####.###.#.~~~~~..#
...# #......P♣♣~~~~.#
..## ######...~~~♣~P#
..# #####..J♣~~♣P# #.#
#....Pb@Kw~..# #.#
#.####P.♣~~P.# #.
##♣....## #.....#
##♣..## ####


You could see a dart slug, an endoplasm, a bat and a kobold.

Vanquished Creatures
  A dart slug (D:1)
  3 bats (D:1)
  3 endoplasms (D:1)
  A giant cockroach (D:1)
  2 goblins (D:1)
  A hobgoblin (D:1)
  A quokka (D:1)
  A kobold (D:1)
13 creatures vanquished.

Notes
Turn   | Place    | Note
-------+----------+-------------------------------------------
     0 | D:1      | browni3141 the Spriggan Enchanter began the quest for the
                  | Orb.
     0 | D:1      | Reached XP level 1. HP: 9/9 MP: 5/5
   140 | D:1      | Reached XP level 2. HP: 13/13 MP: 6/6
   143 | D:1      | Learned a level 2 spell: Ensorcelled Hibernation
   471 | D:2      | Found a faded altar of an unknown god.
   573 | D:2      | Frozen to death by an endoplasm

Illustrated notes

Levels and vault maps discovered:
D:1:      dpeg_arrival_tiny_j, layout_basic
D:2:      layout_loops_ring, hellmonk_ecumenical_altar_pennies_from_heaven,
          minivault_23, serial_bayou_pond_a

Skill      XL: |  1  2 |
---------------+-------+-----
Hexes          | 4 |  4.2
Short Blades   | |  1.4
Dodging        | |  2.9
Stealth        | |  4.6
Spellcasting   | |  2.9

Action                     || total
---------------------------++-------
  Melee: Dagger            ||    31
         Punch             ||     1
   Cast: Ensorcelled Hiber ||     3
   Stab: Sleeping          ||     8
 Armour: Robe              ||     3
  Dodge: Dodged            ||    23
